 Dungeon Crawl Stone Soup version 0.28-a0-1184-g53156a8862 (webtiles) character file.

Game seed: 1417761695084278788

389 ytrimaz the Insei (level 6, -8/41 HPs)
             Began as an Octopode Transmuter on Dec 17, 2021.
             Mangled by an ogre (31 damage)
             ... on level 6 of the Dungeon.
             The game lasted 00:03:34 (4647 turns).

ytrimaz the Insei (Octopode Transmuter)             Turns: 4647, Time: 00:03:35

Health: -8/41      AC:  2    Str: 10    XL:     6   Next: 79%
Magic:  8/11       EV: 19    Int: 17    God:
Gold:   163        SH:  0    Dex: 17    Spells: 6/12 levels left

rFire   . . .      SeeInvis .     - Unarmed
rCold   . . .      Faith    .   (shield currently unavailable)
rNeg    . . .      Spirit   .   (helmet currently unavailable)
rPois   x          Reflect  .   (no amulet)
rElec   .          Harm     .   (no ring)
rCorr   .          Rampage  .   (no ring)
Will    .....                   (no ring)
Stlth   ++........              (no ring)
HPRegen 0.13/turn               (no ring)
MPRegen 0.12/turn               (no ring)
                                (no ring)
                                (no ring)

@: spider-form
A: venomous fangs, almost no armour, (amphibious), 8 rings, tiny, (camouflage
2), (gelatinous body 1), (nimble swimmer 1), (tentacles)
a: End Transformation


You were on level 6 of the Dungeon.
You were a venomous arachnid creature.
You visited 1 branch of the dungeon, and saw 4 of its levels.

You collected 163 gold pieces.

Inventory:

Scrolls
 a - a scroll of teleportation
Potions
 b - a potion of cancellation {unknown}
 c - a potion of berserk rage {unknown}
 d - a potion of lignification {unknown}


   Skills:
 * Level 2.7 Fighting
 - Level 2.0 Dodging
 + Level 4.8 Unarmed Combat
 * Level 3.7 Spellcasting
 * Level 3.5 Transmutations
 + Level 1.3 Poison Magic


You had 6 spell levels left.
You knew the following spells:

 Your Spells              Type           Power      Damage    Failure   Level
a - Beastly Appendage     Tmut           30%        N/A       12%         1
b - Wereblood             Tmut           15%        N/A       17%         2
c - Spider Form           Tmut/Pois      11%        N/A       38%         3

Your spell library contained the following spells:

 Spells                   Type           Power      Damage    Failure   Level
 Ice Form                 Ice/Tmut       9%         N/A       80%         4


Dungeon Overview and Level Annotations

Branches:
Dungeon (3/15)

Altars:


Innate Abilities, Weirdness & Mutations

You are a venomous arachnid creature.
You have poisonous fangs.
You are tiny and dextrous.
Your spellcasting is less reliable in this form.
Your armour is entirely melded.
You are incapable of wielding weapons or throwing items.
You cannot wear most types of armour.
((You are amphibious.))
You can wear up to eight rings at the same time.
((Your skin blends seamlessly with your surroundings (Stealth++).))
((Your rubbery body absorbs attacks. (AC +1, EV +1)))
((You are camouflaged near water. (Stealth+)))
((You have tentacles for arms and can constrict up to eight enemies at once.))


Message History

Magic restored.
You start resting.
HP restored.
You open the door.
No target in view!
There is an open door here.
There is an open door here.
You open the door.
There is an open door here.
c - a murky blue potion You now have 121 gold pieces (gained 10).
You now have 133 gold pieces (gained 12).
You now have 149 gold pieces (gained 16).
You now have 163 gold pieces (gained 14).
There is an open door here.
As you open the door, it creaks loudly!
There is an open door here.
You open the door.
An ogre and a zombie come into view.
Casting: Spider Form (quite dangerous; 19% risk of failure)
Confirm with . or Enter, or press ? or * to list all spells.
The spell is quite dangerous to miscast (19% risk of failure)!
Continue anyway?
You turn into a venomous arachnid creature.
The ogre shouts!
You hear a shout!
Unknown command.
You hit the ogre.
The ogre is lightly wounded.
An ogre comes into view. It is wielding a +0 giant spiked club.
The ogre closely misses you.
You hit the ogre.
The ogre is poisoned.
The ogre is moderately wounded.
The ogre hits you with a +0 giant club!!
There is an open door here.
You hit the ogre.
The ogre is lightly wounded.
The ogre closely misses you.
Unknown command.
The ogre hits you with a +0 giant club!!
Ouch! That really hurt!
You die...

#..##.#####...........
#...#'#...+...........
+#........##...........
##........###...........
#.........#.#...........
.....⌠...#'.#...........
#.........#.#........#..
##........###....#######
+#...Os...##....#
#...#'#...'....#
#..##O#####....# #.# .Z.
#)#### #. ..... #÷# #
####### #.# ........#
#########


You could see 2 ogres and a bullfrog zombie.

Vanquished Creatures
  A sky beast (D:3)
  An ogre (D:6)
  A water moccasin skeleton (D:6)
  A centaur zombie (D:6)
  7 adders
  A white imp (D:6)
  A worm (D:2)
  A dart slug (D:1)
  5 ball pythons
  4 endoplasms
  5 giant cockroaches
  7 goblins
  5 hobgoblins
  4 jackals
  A quokka (D:1)
  3 bats (D:1)
  3 frilled lizards
  4 kobolds
  5 rats
60 creatures vanquished.

Vanquished Creatures (others)
  3 withered plants (D:6)
3 creatures vanquished.

Grand Total: 63 creatures vanquished

Notes
Turn   | Place    | Note
-------+----------+-------------------------------------------
     0 | D:1      | ytrimaz the Octopode Transmuter began the quest for the
                  | Orb.
     0 | D:1      | Reached XP level 1. HP: 13/13 MP: 3/3
    90 | D:1      | Reached XP level 2. HP: 11/18 MP: 5/5
  1044 | D:1      | Reached XP level 3. HP: 20/23 MP: 4/6
  1052 | D:1      | Learned a level 2 spell: Wereblood
  1056 | D:1      | Learned a level 3 spell: Spider Form
  2074 | D:2      | Reached XP level 4. HP: 28/29 MP: 6/8
  2101 | D:2      | HP: 1/29 [ball python (2)]
  2515 | D:2      | HP: 1/29 [giant cockroach (1)]
  2879 | D:2      | Gained mutation: Your skin blends seamlessly with your
                  | surroundings (Stealth++). [potion of mutation]
  2879 | D:2      | Gained mutation: You are weak. (Str -2) [potion of
                  | mutation]
  2879 | D:2      | Lost mutation: You are weak. (Str -2) [potion of mutation]
  3653 | D:3      | Noticed a sky beast
  3966 | D:3      | Killed a sky beast
  3967 | D:3      | Reached skill level 4 in Unarmed Combat
  3967 | D:3      | Reached skill level 1 in Poison Magic
  3967 | D:3      | Reached XP level 5. HP: 7/34 MP: 3/9
  4283 | D:3      | Found a faded altar of an unknown god.
  4284 | D:3      | You fall into a shaft and drop 3 floors!
  4284 | D:6      | Noticed an ogre
  4307 | D:6      | Killed an ogre
  4308 | D:6      | Reached XP level 6. HP: 41/41 MP: 4/11
  4647 | D:6      | Mangled by an ogre

Illustrated notes

Levels and vault maps discovered:
D:1:      minmay_arrival_cross, layout_loops_ring
D:2:      minmay_angry_zag, layout_basic
D:3:      layout_rooms, hellmonk_ecumenical_altar_arch_garden
D:6:      layout_rooms, serial_undead, serial_undead_e, serial_undead_f,
          serial_undead_a, serial_undead_b, serial_undead_b, minmay_pentangle,
          uniq_grinder

Skill      XL: |  1  2  3  4 |
---------------+-------------+-----
Fighting       | 2 |  2.7
Unarmed Combat | 4 |  4.8
Spellcasting   | 3 |  3.7
Transmutations | 3 |  3.5
Poison Magic   | 1 |  1.3
Dodging        | |  2.0

Action                   |  1- 3 |  4- 6 || total
-------------------------+-------+-------++-------
Melee: Unarmed           |    85 |    98 ||   183
       Constrict         |    24 |    11 ||    35
       Tentacles         |    14 |     8 ||    22
       Kick              |     8 |     8 ||    16
       Punch             |     3 |       ||     3
 Cast: Beastly Appendage |    14 |     6 ||    20
       Spider Form       |       |     4 ||     4
  Use: Scroll            |     5 |     2 ||     7
       Potion            |       |     1 ||     1
 Stab: Sleeping          |     6 |     2 ||     8
Armor: Skin              |     8 |     9 ||    17
Dodge: Dodged            |    55 |    83 ||   138

Table legend: (Time is in decaauts)
 A = Elapsed time spent in this place.
 B = Non-inter-level travel time spent in this place.
 C = Inter-level travel time spent in this place.
 D = Time resting spent in this place.
 E = Time spent auto-exploring this place.
 F = Levels seen in this place.
 G = Mean time per level.
                   A        B        C        D        E       F      G
               +--------+--------+--------+--------+--------+-----+--------+
         Total |   4635 |   4610 |     25 |   1488 |   2554 |   4 | 1158.8 |
       Dungeon |   4635 |   4610 |     25 |   1488 |   2554 |   4 | 1158.8 |
               +--------+--------+--------+--------+--------+-----+--------+

Top non-repeatable levels by time:
     D:2: 2134 daAuts
     D:1: 1778 daAuts
     D:3: 361 daAuts
     D:6: 360 daAuts
